 Dungeon Crawl Stone Soup version 0.17-a0-1515-gfae3d72 (webtiles) character file.

42 mrath the Digger (level 3, -3/19 HPs)
             Began as a Gargoyle Earth Elementalist on July 12, 2015.
             Slain by Terence
             ... wielding a +0 mace
              (6 damage)
             ... on level 2 of the Dungeon.
             The game lasted 00:19:49 (1811 turns).

mrath the Digger (Gargoyle Earth Elementalist)      Turns: 1811, Time: 00:19:49

Health: -3/19      AC:  5    Str: 11    XL:     3   Next: 56%
Magic:  4/7        EV: 12    Int: 16    God:
Gold:   163        SH:  0    Dex: 10    Spells: 3 memorised, 2 levels left

rFire  . . .     SeeInvis .     f - +0 mace
rCold  . . .     Clarity  .     b - +0 robe
rNeg   + . .     SustAt   .     (no shield)
rPois  ∞         Gourm    .     (no helmet)
rElec  +         Spirit   .     (no cloak)
rCorr  .         Warding  .     (no gloves)
rMut   .         Stasis   .     (no boots)
MR     .....                    (no amulet)
Stlth  ++........               (no ring)
                                (no ring)

@: not resistant to hostile enchantments, unstealthy
A: negative energy resistance 1, electricity resistance, unbreathing,
petrification resistance, rot immunity, AC +3
a: no special abilities


You were on level 2 of the Dungeon.
You were not hungry.

You visited 1 branch of the dungeon, and saw 2 of its levels.

You collected 163 gold pieces.

Inventory:

Hand weapons
 f - a +0 mace (weapon)
Missiles
 a - 85 stones (quivered)
 h - 17 sling bullets
 l - 16 arrows
 p - 12 bolts
Armour
 b - a +0 robe (worn)
Scrolls
 e - 2 scrolls of identify
 i - a scroll of remove curse {unknown}
 k - a scroll of enchant weapon {unknown}
 m - a scroll of recharging {unknown}
 q - a scroll of teleportation {unknown}
Potions
 g - 3 potions of haste {unknown}
 j - a potion of curing
Books
 c - a book of Geomancy

   Spells                             Type                      Level
   a - Sandblast                      Earth                        1
   b - Stoneskin                      Transmutation/Earth          2
   c - Passwall                       Transmutation/Earth          3
   d - Stone Arrow                    Conjuration/Earth            3
   e - Petrify                        Transmutation/Earth          4
   f - Lee's Rapid Deconstruction     Earth                        5
Comestibles
 n - 2 meat rations


   Skills:
 - Level 1.5 Dodging
 - Level 2.1 Stealth
 * Level 3.1 Spellcasting
 - Level 0.7 Transmutations
 + Level 4.3 Earth Magic


You had 2 spell levels left.
You knew the following spells:

 Your Spells              Type           Power        Failure   Level  Hunger
a - Sandblast             Erth           ###...       3%          1    None
b - Stoneskin             Trmt/Erth      ##......     12%         2    ##.....
c - Passwall              Trmt/Erth      ##........   21%         3    ###....


Dungeon Overview and Level Annotations

Branches:
Dungeon (2/15)

Altars:

Annotations:
D:2 Terence


Innate Abilities, Weirdness & Mutations

You are resistant to torment.
Your stone body is resilient (AC +3).
You are immune to poison.
You resist negative energy.
You are resistant to electric shocks.
You can survive without breathing.
You are immune to petrification.
You are immune to rotting.


Message History

The rocky blast hits Terence.
Terence drinks a potion.
Terence flickers and vanishes!
Deactivating autopickup; reactivate with Ctrl-A.
Wield which item (- for none, * to show all)? (? for menu, Esc to quit)
f - a +0 mace (weapon)
Something hits you.
You hit something but do no damage. Something hits you but does no damage.
You hit something. Something hits you!
You barely miss something. Something hits you but does no damage.
You hit something but do no damage. Something barely misses you.
Something hits you but does no damage.
You miss something. Something hits you.
You hit something. Something hits you but does no damage.
You hit something but do no damage.
Your skin feels tender.
Something hits you.
You miss something. Something hits you.
* * * LOW HITPOINT WARNING * * *
You closely miss something. Something hits you.
You die...

#.......# #.......#
+......[# #.......#
#...... #.... #######
########'##########.....#
...............{@.......#
#######
.....##############.....#
#...... ... ####.##
#...... .
#######.####......
..................
#######..###...... ##.#
#...... #.###......
###..##......


There were no monsters in sight!

Vanquished Creatures
  2 adders (D:2)
  A giant cockroach (D:2)
  2 hobgoblins (D:1)
  A ball python (D:1)
  7 bats
  6 goblins (D:1)
  4 kobolds
  3 rats
26 creatures vanquished.

Notes
Turn   | Place    | Note
--------------------------------------------------------------
     0 | D:1      | mrath the Gargoyle Earth Elementalist began the quest for the Orb.
     0 | D:1      | Reached XP level 1. HP: 10/10 MP: 3/3
   313 | D:1      | Reached XP level 2. HP: 15/15 MP: 0/5
   649 | D:1      | Reached skill level 4 in Earth Magic
  1294 | D:2      | Reached XP level 3. HP: 13/19 MP: 2/7
  1397 | D:2      | Learned a level 2 spell: Stoneskin
  1401 | D:2      | Learned a level 3 spell: Passwall
  1711 | D:2      | Noticed Terence
  1811 | D:2      | Slain by Terence

Vault maps used:
D:1:      lightli_arrival_lavapool
D:2:      uniq_terence

Action                   || total
-------------------------++-------
Melee: Mace              ||    48
 Cast: Sandblast         ||    23
       Stoneskin         ||     2
  Use: Scroll            ||     1
 Stab: Sleeping          ||     1
  Eat: Chunk             ||     2
       Bread ration      ||     1
